 Dungeon Crawl Stone Soup version 0.32-a0-328-gd8048dd28f (webtiles) character file.

Game seed: 6120912922704445472

7 kae the Changeling (level 1, -2/15 HPs)
             Began as a Demonspawn Shapeshifter on Feb 16, 2024.
             Slain by a gnoll
             ... wielding a +0 whip
              (8 damage)
             ... on level 1 of the Dungeon.
             The game lasted 00:00:36 (94 turns).

kae the Changeling (Demonspawn Shapeshifter)          Turns: 94, Time: 00:00:36

Health: -2/15      AC:  2    Str: 14    XL:     1   Next: 83%
Magic:  1/1        EV: 12    Int: 10    God:
Gold:   0          SH:  0    Dex: 12    Spells: 0/0 levels left

rFire   . .          .
                       - Unarmed
rCold   . . .        (no shield)
rNeg    . . .        a - +0 animal skin
rPois   .            (helmet currently unavailable)
rElec   .            (cloak currently unavailable)
rCorr   .            (gloves currently unavailable)
SInv    .            (boots currently unavailable)
Will    .....        (no amulet)
Stlth   +            (no ring)
HPRegen 0.22/turn    (no ring)
MPRegen 0.07/turn

%: no passive effects
@: beast-form
A: beast (slay +1)
a: Begin Untransformation


You were on level 1 of the Dungeon.
You were a hulking beast.
You visited 1 branch of the dungeon, and saw 1 of its levels.


   Skills:
 - Level 1.0 Fighting
 - Level 1.7 Dodging
 - Level 2.6 Unarmed Combat
 + Level 3.1 Shapeshifting


You couldn't memorise any spells.
You didn't know any spells.
Your spell library was empty.

Inventory:

Missiles
 e - 6 stones (quivered)
Armour
 a - a +0 animal skin (worn)
Talismans
 c - a beast talisman (active)
 d - a flux talisman
Potions
 b - a potion of lignification {!q}

Dungeon Overview and Level Annotations

Branches:
Dungeon (1/15) Zot: 5905

Altars:

###.....### ##'###'###'#
........#####...#P..#...
...........##.<.#.P.#...
...........#############
....###....# .. ....
##....#... ...
#......... .. #.........
#.h....... #.g.......
#......... #......#.#
#......#.. #......#
######.# .#


You could see a gnoll.


Message History

Options error: Missing colour in message_colour setting: 'that.*feels deathly cold' Options error: Missing colour in message_colour setting: 'and you must be Full or above to equip it' Options error: Missing colour in message_colour setting: 'but rights himself reflexively soon after' Options error: Missing colour in message_colour setting: 'before it is too late' ✅ Successfully initialized magus.rc [v1.11.3] Welcome, kae the Demonspawn Shapeshifter.
The heart of this dungeon contains the awesome artefact, the Orb of Zot.
Press ? for a list of commands and other information.
Found a staircase leading out of the dungeon.
You open the door.
There is an open door here.
A rat comes into view.
Okay, then.
A rat is nearby!
A rat is nearby!
The rat barely misses you.
You hit the rat but do no damage.
A rat is nearby!
You hit the rat but do no damage. The rat bites you but does no damage.
You hit the rat.
You kill the rat!
You open the door.
A giant cockroach comes into view.
The giant cockroach bites you. 😕 HP[-1]
You take 1 damage, and now have 14/15 hp.
You hit the giant cockroach but do no damage.
The giant cockroach bites you but does no damage.
You hit the giant cockroach.
The giant cockroach barely misses you. 😎 HP[+1]
Your hp is fully restored (15).
A giant cockroach is nearby!
A giant cockroach is nearby!
You hit the giant cockroach. The giant cockroach misses you.
You hit the giant cockroach but do no damage.
The giant cockroach barely misses you.
A giant cockroach is nearby!
You hit the giant cockroach.
You kill the giant cockroach!
No target in view!
There is an open door here.
You see here a rat corpse.
You open the door.
There is an open door here.
e - 6 stones
There is an open door here.
You open the door.
There is an open door here.
You open the door.
A giant cockroach comes into view.
You barely miss the giant cockroach. The giant cockroach barely misses you.
You barely miss the giant cockroach. The giant cockroach bites you. 😕 HP[-1]
You take 1 damage, and now have 14/15 hp.
A giant cockroach is nearby!
You barely miss the giant cockroach. The giant cockroach closely misses you.
You closely miss the giant cockroach. The giant cockroach bites you.
The giant cockroach barely misses you. 😕 HP[-2]
You take 2 damage, and now have 12/15 hp.
A giant cockroach is nearby!
You hit the giant cockroach.
You kill the giant cockroach!
Your Shapeshifting skill increases to level 3!
No target in view!
There is an open door here.
You open the door. You open the door. You open the door. You open the door.
There is an open door here.
A ball python comes into view.
The ball python hisses angrily. 😎 HP[+3]
Your hp is fully restored (15).
A ball python is nearby!
You hit the ball python.
You kill the ball python!
No target in view!
A gnoll comes into view. It is wielding a +0 whip.
The gnoll shouts!
A gnoll is nearby!
The gnoll misses you.
You closely miss the gnoll.
The gnoll hits you with a +0 whip. 😕 HP[-3]
You take 3 damage, and now have 12/15 hp.
A gnoll is nearby!
A gnoll is nearby!
You closely miss the gnoll. The gnoll barely misses you.
You hit the gnoll. Your punch misses the gnoll.
The gnoll hits you with a +0 whip!
* * * LOW HITPOINT WARNING * * *
😨 HP[-6]
You take 6 damage, and now have 6/15 hp.
MASSIVE DAMAGE!! (PAUSE)
Okay, then.
You barely miss the gnoll. The gnoll barely misses you.
You barely miss the gnoll. The gnoll hits you with a +0 whip!
Ouch! That really hurt!
You die...

Skill      XL: |  1 |
---------------+----+-----
Shapeshifting  | 3 |  3.1
Fighting       | |  1.0
Dodging        | |  1.7
Unarmed Combat | |  2.6

Action                     || total
---------------------------++-------
  Melee: Unarmed           ||    19
 Armour: Animal skin       ||     8
  Dodge: Dodged            ||    10

Levels and vault maps discovered:
D:1:      dpeg_arrival_prison, layout_basic

Notes
Turn   | Place    | Note
-------+----------+-------------------------------------------
     0 | D:1      | kae the Demonspawn Shapeshifter began the quest for the
                  | Orb.
     0 | D:1      | Reached XP level 1. HP: 15/15 MP: 1/1
     0 | D:1      | magus.rc [v1.11.3]
    45 | D:1      | Reached skill level 3 in Shapeshifting
    94 | D:1      | Slain by a gnoll

Vanquished Creatures
  2 giant cockroaches (D:1)
  A ball python (D:1)
  A rat (D:1)
4 creatures vanquished.

Table legend:
 A = Non-vault XP
 B = Vault XP
 C = Vault XP percentage of total XP
 D = Non-vault monster count
 E = Vault monster count
 F = Vault count percentage of total count
                 A         B        C        D         E       F
            +---------+---------+-------+---------+---------+-------
      Total |       2 |       8 |  80.0 |       1 |       3 |  75.0
            +---------+---------+-------+---------+---------+-------
        D:1 |       2 |       8 |  80.0 |       1 |       3 |  75.0
            +---------+---------+-------+---------+---------+-------

Skill      XL: |  1 |
---------------+----+-----
Shapeshifting  | 3 |  3.1
Fighting       | |  1.0
Dodging        | |  1.7
Unarmed Combat | |  2.6

Action                     || total
---------------------------++-------
  Melee: Unarmed           ||    19
 Armour: Animal skin       ||     8
  Dodge: Dodged            ||    10

Illustrated notes

Table legend:
 A = Kills in this place as a percentage of kills in the entire game.
 B = Kills by you in this place as a percentage of kills by you in the entire game.
 C = Kills by friends in this place as a percentage of kills by friends in the entire game.
 D = Other kills in this place as a percentage of other kills in the entire game.
 E = Experience gained in this place as a percentage of experience gained in the entire game.
 F = Experience gained in this place divided by the number of levels of this place that you have seen.
                   A       B       C       D       E      F
               +-------+-------+-------+-------+-------+----------------------
         Total | 100.0 | 100.0 |   N/A |   N/A | 100.0 |  10.0
       Dungeon | 100.0 | 100.0 |   N/A |   N/A | 100.0 |  10.0
               +-------+-------+-------+-------+-------+----------------------

Table legend: (Time is in decaauts)
 A = Elapsed time spent in this place.
 B = Non-inter-level travel time spent in this place.
 C = Inter-level travel time spent in this place.
 D = Time resting spent in this place.
 E = Time spent auto-exploring this place.
 F = Levels seen in this place.
 G = Mean time per level.
                   A        B        C        D        E       F      G
               +--------+--------+--------+--------+--------+-----+--------+
         Total |     93 |     93 |      0 |      0 |     63 |   1 |   93.0 |
       Dungeon |     93 |     93 |      0 |      0 |     63 |   1 |   93.0 |
               +--------+--------+--------+--------+--------+-----+--------+

Top non-repeatable levels by time:
     D:1: 93 daAuts
